 Dungeon Crawl Stone Soup version 0.31-a0-1-g4198be8af4 (webtiles) character file.

Game seed: 10941347853082172559

22574 Chudface the Unseen (level 13, -1/126 HPs)
             Began as a Kobold Brigand on May 2, 2023.
             Was an Elder of Wu Jian.
             Slain by a blink frog (7 damage)
             ... on level 5 of the Lair of Beasts.
             The game lasted 00:45:49 (11061 turns).

Chudface the Unseen (Kobold Brigand)               Turns: 11061, Time: 00:45:49

Health: -1/126     AC: 10    Str:  9    XL:     13   Next: 28%
Magic:  13/13      EV: 24    Int: 12    God:    Wu Jian [****..]
Gold:   931        SH:  0    Dex: 21    Spells: 12/12 levels left

rFire   . . .        b - +2 rapier (drain)
rCold   + . .        (no shield)
rNeg    . . .        Q - +2 robe {rC+}
rPois   .            A - +0 helmet
rElec   .            X - +0 cloak
rCorr   .            Y - +0 pair of gloves
SInv    +            E - +2 pair of boots
Will    .....        (no amulet) Stlth
                     B - +4 ring of slaying
HPRegen 0.41/turn    q - ring of see invisible
MPRegen 0.13/turn

%: no passive effects
@: berserking, exhausted, very quick
A: small, no large weapons, nightstalker 3
a: Renounce Religion, Wall Jump, Serpent's Lash


You were on level 5 of the Lair of Beasts.
You worshipped Wu Jian.
Wu Jian was greatly pleased with you.
You visited 3 branches of the dungeon, and saw 17 of its levels.
You also visited: Sewer.

You collected 931 gold pieces.

Inventory:

Hand Weapons
 a - a +2 short sword of venom
 b - a +2 rapier of draining (weapon)
 c - a +0 dagger of venom
 K - a +1 heavy morningstar
 O - a +1 whip of electrocution
Missiles
 d - 34 poisoned darts
 e - 4 curare-tipped darts (quivered)
 G - a throwing net
Armour
 A - a +0 helmet (worn)
 E - a +2 pair of boots (worn)
 Q - a +2 robe of cold resistance (worn)
 X - a +0 cloak (worn)
 Y - a +0 pair of gloves (worn)
Jewellery
 g - a ring of resist corrosion
 q - a ring of see invisible (right hand)
 w - a ring of positive energy
 B - a +4 ring of slaying (left hand)
 C - a +6 ring of dexterity
 H - a ring of positive energy
Wands
 k - a wand of roots (11)
 x - a wand of mindburst (6)
 U - a wand of polymorph (5)
Scrolls
 f - 7 scrolls of amnesia
 j - 3 scrolls of magic mapping
 l - 3 scrolls of fog {unknown}
 o - 2 scrolls of enchant weapon {unknown}
 p - a scroll of immolation {unknown}
 r - 3 scrolls of teleportation
 s - 2 scrolls of blinking {unknown}
 y - 3 scrolls of poison
 J - 2 scrolls of fear
 L - 3 scrolls of silence
 M - a scroll of brand weapon {unknown}
 P - 2 scrolls of vulnerability {unknown}
 R - a scroll of acquirement {unknown}
Potions
 h - 3 potions of brilliance
 i - 2 potions of mutation
 m - a potion of resistance
 t - a potion of magic
 u - 3 potions of lignification
 v - 3 potions of haste {unknown}
 z - a potion of cancellation {unknown}
 D - 4 potions of attraction
 F - 7 potions of curing {unknown}
 I - a potion of flight {unknown}
 N - a potion of invisibility {unknown}
 S - a potion of degeneration {unknown}
 T - a potion of might {unknown}
 V - a potion of heal wounds {unknown}
 W - a potion of ambrosia {unknown}


   Skills:
 + Level 11.2 Fighting
 - Level 14.0 Short Blades
 - Level 3.2 Throwing
 + Level 11.4 Dodging
 + Level 16.9 Stealth
 - Level 5.0 Evocations


You had 12 spell levels left.
You didn't know any spells.
Your spell library contained the following spells:

 Spells                   Type           Power      Damage    Failure   Level
 Shock                    Conj/Air       0%         1d3       32%         1
 Summon Small Mammal      Summ           0%         N/A       32%         1
 Scorch                   Fire           0%         2d5       45%         2
 Call Canine Familiar     Summ           0%         N/A       69%         3
 Summon Guardian Golem    Hex/Summ       0%         N/A       69%         3
 Swiftness                Air            0%         N/A       69%         3
 Volatile Blastmotes      Fire/Tloc      0%         2d10      69%         3
 Airstrike                Air            0%         2d(0-16)  97%         4
 Animate Dead             Necr           0%         N/A       97%         4
 Flame Wave               Conj/Fire      0%         2d4       97%         4
 Fulminant Prism          Conj/Hex       0%         3d5       97%         4
 Iskenderun's Mystic Bla  Conj/Tloc      0%         2d3       97%         4
 Borgnjor's Vile Clutch   Necr/Erth      0%         N/A       100%        5
 Lee's Rapid Deconstruct  Erth           0%         3d4*      100%        5
 Death Channel            Necr           0%         N/A       100%        6
 Summon Cactus Giant      Summ           0%         N/A       100%        6


Dungeon Overview and Level Annotations

Branches:
Dungeon (12/15)            Temple (1/1) D:5            Lair (3/5) D:8
  Swamp (0/4) Lair:3        Sewer (visited)
  Snake: Lair:2-3    Spider: Lair:2-3       Orc: D:9-12

Altars:
Ashenzari
Cheibriados
Dithmenos
Elyvilon
Fedhas
Gozag
Hepliaklqana
Kikubaaqudgha
Makhleb
Nemelex Xobeh
Okawaru
Qazlal
Ru
Sif Muna
Trog
Uskayaw
Vehumet
Wu Jian
Xom
Yredelemnul
Zin
The Shining One

Shops:
D:9 :

Annotations:
D:10 exclusion: downstairs


Innate Abilities, Weirdness & Mutations

You are small and have problems with some larger weapons.
You are completely attuned to the shadows.


Message History

You kill the yak!
The Council accepts your kill.
You puncture the death yak!
The death yak is heavily wounded.
You hit the death yak. You drain the death yak.
The death yak is heavily wounded.
The death yak closely misses you.
You hit the death yak but do no damage. You drain the death yak.
The death yak is heavily wounded.
You puncture the death yak!
The death yak is severely wounded.
The death yak gores you!
* * * LOW HITPOINT WARNING * * *
You hit the death yak but do no damage.
The death yak is severely wounded.
You barely miss the death yak.
The death yak is severely wounded.
The death yak gores you but does no damage.
You hit the death yak. You drain the death yak.
The death yak is severely wounded.
A red film seems to cover your vision as you go berserk!
You feel yourself moving faster!
You feel mighty! The death yak gores you.
* * * LOW HITPOINT WARNING * * *
The blink frog blinks!
You impale the death yak!! You drain the death yak.
You kill the death yak!
The Council accepts your kill.
You puncture the yak!
You kill the yak!
The Council accepts your kill. The cane toad stings you.
* * * LOW HITPOINT WARNING * * *
Things that are here:
a yak corpse; a death yak corpse; a yak corpse You puncture the blink frog!
You drain the blink frog.
The blink frog is moderately wounded.
You puncture the blink frog!
The blink frog is severely wounded.
The cane toad closely misses you. The blink frog hits you!
You die...

.....## ..P...# ##P..##
.##...# P##...###
F.......# ###
......†.###.####### ####
...........†.÷.##.####P.#
...S......††...F@###....##
.......#........F........#
....YY#######††.÷.......P#
...YY..# ###......P.###
...YYY## ##†#######
..#.YY. #.## YY#..... ###
.#.....


You could see a cane toad and a blink frog (drained).

Vanquished Creatures
  Fannar (D:10)
  A hydra (Lair:5)
  2 two-headed ogres
  2 boulder beetles
  6 death yaks (Lair:5)
  Pikel (D:9)
  A cyclops (D:11)
  5 elephants (Lair:5)
  A torpor snail (Lair:5)
  4 black mambas
  4 cane toads
  A rime drake (Lair:5)
  3 blink frogs (Lair:5)
  4 dream sheep (Lair:3)
  A shadow (D:11)
  Sigmund (D:2)
  A wraith (D:10)
  2 basilisks
  17 yaks
  A wyvern (D:9)
  3 vampire mosquitoes (D:10)
  Eustachio (D:7)
  A steam dragon (D:8)
  An acid dragon (D:10)
  6 water moccasins
  5 orc warriors
  2 ice beasts
  A black bear (D:5)
  2 sky beasts
  4 ogres
  2 centaurs
  2 lemures (D:9)
  3 phantoms
  3 gnoll sergeants
  3 kobold brigands
  6 bullfrogs
  A scorpion (D:5)
  11 killer bees
  3 electric eels (D:9)
  7 howler monkeys
  4 hounds
  A jelly (D:7)
  5 orc priests
  An iguana (D:5)
  2 sleepcaps
  9 orc wizards
  6 adders
  11 gnolls
  A shadow imp (D:6)
  4 white imps
  A worm (D:3)
  2 dart slugs
  41 orcs
  6 endoplasms
  A giant cockroach (D:4)
  2 goblins
  2 hobgoblins (D:3)
  5 jackals (D:3)
  A quokka (D:3)
  4 ball pythons
  7 bats
  3 frilled lizards
  17 kobolds
  6 rats
268 creatures vanquished.

Vanquished Creatures (others)
  9 fungi
  17 plants
26 creatures vanquished.

Grand Total: 294 creatures vanquished

Notes
Turn   | Place    | Note
-------+----------+-------------------------------------------
     0 | D:1      | Chudface the Kobold Brigand began the quest for the Orb.
     0 | D:1      | Reached XP level 1. HP: 12/12 MP: 1/1
   221 | D:1      | Reached XP level 2. HP: 18/18 MP: 2/2
   681 | D:2      | Noticed Sigmund
   684 | D:2      | Killed Sigmund
   685 | D:2      | Reached skill level 6 in Stealth
   685 | D:2      | Reached XP level 3. HP: 23/23 MP: 3/3
   685 | D:2      | Reached XP level 4. HP: 28/28 MP: 4/4
   685 | D:2      | Reached XP level 5. HP: 32/32 MP: 5/5
  1210 | D:3      | Reached XP level 6. HP: 36/37 MP: 6/6
  1440 | D:3      | Found a glowing drain.
  1471 | Sewer    | Entered a sewer
  1540 | Sewer    | Noticed a water moccasin
  1544 | Sewer    | Killed a water moccasin
  1851 | D:3      | Reached skill level 7 in Stealth
  1851 | D:3      | Reached XP level 7. HP: 43/43 MP: 7/7
  2159 | D:3      | Reached skill level 1 in Evocations
  2305 | D:4      | Reached skill level 5 in Short Blades
  2316 | D:5      | Entered Level 5 of the Dungeon
  2405 | D:4      | Reached XP level 8. HP: 28/48 MP: 8/8
  2669 | D:4      | Found a white marble altar of Elyvilon.
  2697 | D:4      | Found a snail-covered altar of Cheibriados.
  2849 | D:4      | Found an opulent altar of Gozag.
  3004 | D:4      | Reached skill level 5 in Fighting
  3004 | D:4      | Reached skill level 5 in Dodging
  3004 | D:4      | Reached skill level 8 in Stealth
  3114 | D:4      | Found a shadowy altar of Dithmenos.
  3667 | D:5      | Found a staircase to the Ecumenical Temple.
  3673 | Temple   | Entered the Ecumenical Temple
  3880 | Temple   | Became a worshipper of the Wu Jian Council
  4426 | D:5      | Reached XP level 9. HP: 47/54 MP: 9/9
  4678 | D:7      | Reached skill level 9 in Stealth
  4952 | D:6      | Reached * piety under Wu Jian
  5384 | D:8      | Found an iron altar of Okawaru.
  5505 | D:7      | Reached skill level 5 in Evocations
  5677 | D:7      | Found a hide-covered altar of Uskayaw.
  5753 | D:7      | Reached skill level 10 in Stealth
  5993 | D:7      | Noticed Eustachio
  5996 | D:7      | Reached XP level 10. HP: 61/61 MP: 10/10
  5998 | D:7      | Killed Eustachio
  6506 | D:7      | Reached ** piety under Wu Jian
  6718 | D:8      | Reached skill level 11 in Stealth
  6743 | D:8      | Found a staircase to the Lair.
  7701 | D:9      | Noticed Pikel
  7727 | D:9      | Killed Pikel
  7830 | D:10     | Entered Level 10 of the Dungeon
  7931 | D:9      | Reached skill level 10 in Short Blades
  8297 | D:9      | Found Zozxideo's Book Boutique.
  8532 | D:10     | Reached XP level 11. HP: 69/69 MP: 11/11
  8623 | D:10     | Reached skill level 12 in Stealth
  8812 | D:10     | Noticed a two-headed ogre
  8814 | D:10     | Killed a two-headed ogre
  8865 | D:10     | Noticed a boulder beetle
  8883 | D:10     | Killed a boulder beetle
  8994 | D:10     | Reached *** piety under Wu Jian
  9083 | D:11     | Noticed a boulder beetle
  9087 | D:11     | Killed a boulder beetle
  9088 | D:11     | Reached skill level 10 in Dodging
  9130 | D:10     | Noticed Fannar
  9133 | D:10     | Killed Fannar
  9134 | D:10     | Reached skill level 13 in Stealth
  9275 | D:11     | Reached skill level 10 in Fighting
  9275 | D:11     | Noticed a cyclops
  9367 | D:11     | Noticed a two-headed ogre
  9373 | D:11     | Killed a two-headed ogre
  9374 | D:11     | Reached skill level 14 in Stealth
  9686 | D:12     | Noticed a boulder beetle
  9873 | D:11     | Killed a cyclops
  9998 | Lair:1   | Entered Level 1 of the Lair of Beasts
 10207 | Lair:2   | Noticed an elephant
 10285 | Lair:3   | Reached skill level 15 in Stealth
 10294 | Lair:3   | Reached XP level 12. HP: 31/77 MP: 12/12
 10626 | Lair:3   | Found a staircase to the Swamp.
 10737 | Lair:3   | You fall into a shaft and drop 2 floors!
 10737 | Lair:5   | Entered Level 5 of the Lair of Beasts
 10757 | Lair:5   | Noticed a catoblepas
 10782 | Lair:5   | Noticed an eight-headed hydra
 10785 | Lair:5   | Killed an eight-headed hydra
 10886 | Lair:5   | Noticed a death yak
 10886 | Lair:5   | Noticed a death yak
 10914 | Lair:5   | Noticed a death yak
 10914 | Lair:5   | Noticed a death yak
 10921 | Lair:5   | Killed a death yak
 10922 | Lair:5   | Noticed a death yak
 10923 | Lair:5   | Noticed a death yak
 10933 | Lair:5   | Killed a death yak
 10940 | Lair:5   | Killed a death yak
 10941 | Lair:5   | Reached skill level 16 in Stealth
 10944 | Lair:5   | Reached **** piety under Wu Jian
 10959 | Lair:5   | Reached XP level 13. HP: 68/83 MP: 13/13
 11059 | Lair:5   | HP: 6/126 [cane toad (5)]
 11061 | Lair:5   | Slain by a blink frog

Illustrated notes

Levels and vault maps discovered:
D:1:      dpeg_arrival_ternary, layout_rooms
D:2:      layout_rooms, uniq_sigmund
D:3:      kb_forest_paths, layout_loops_ring, cheibrodos_sewer_entry_bend,
          minivault_25
D:4:      layout_loops_cross, mainiacjoe_overflow_alcove_1,
          nicolae_gozag_cash_rules_everything_around_me,
          mainiacjoe_overflow_swirl
D:5:      layout_loops_ring, minmay_temple_entry_proselytizer,
          corexii_leaking_fountain, moated_statue
D:6:      layout_loops_ring, nicolae_nh_ransacked_shop
D:7:      layout_cave_pods, mainiacjoe_overflow_surrounded_room, sword_in_stone
D:8:      layout_loops_cross, nicolae_overflow_crystal_walls, lair_entry_dummy
D:9:      layout_layer_cave, serial_shops, nicolae_inconvenience_store,
          amcnicky_mini_corridor_feature, grunt_ministairs_13, uniq_pikel
D:10:     layout_loops_ring, chequers_serial_rivers_small_3,
          small_statue_alley_b, nzn_sisyphean_effort, uniq_fannar
D:11:     layout_cross
D:12:     layout_gridville, orc_0_dummy, minmay_increasing_density
Temple:   kb_temple_of_zot
Lair:1:   layout_small_grid, infiniplex_staircase_pool_2
Lair:2:   layout_misc_corridors, pond, uniq_nergalle
Lair:3:   layout_chaotic_city, skrybe_swamp_entry_bodies, spider_nest_entry_a,
          chequers_serial_rivers_small_b, infiniplex_staircase_pool,
          grunt_megastairs_5
Lair:5:   wormcave, layout_layer_cave, hangedman_lair_caniforms_friends,
          grunt_megastairs_1, uniq_snorg

Skill      XL: |  1  2  3  4  5  6  7  8  9 10 11 12 13 |
---------------+----------------------------------------+-----
Short Blades   | 4 5 6 8 10 14 | 14.0
Fighting       | 3 4 5 6 8 10 11 | 11.2
Throwing       | 3 |  3.2
Dodging        | 2 3 4 5 7 8 10 11 | 11.4
Stealth        | 6 7 8 10 11 15 16 | 16.9
Evocations     | 2 3 5 |  5.0

Action                     |  1- 3 |  4- 6 |  7- 9 | 10-12 | 13-15 || total
---------------------------+-------+-------+-------+-------+-------++-------
  Melee: Dagger            |    27 |    79 |   176 |    11 |       ||   293
         Punch             |       |       |     2 |    10 |     1 ||    13
         Short sword       |       |       |    40 |   363 |       ||   403
         Rapier            |       |       |       |   105 |   104 ||   209
  Throw: Dart              |       |       |       |     5 |       ||     5
 Invoke: Serpent's Lash    |       |       |       |     3 |     1 ||     4
Ability: Lunge             |       |       |    12 |    36 |     1 ||    49
         Whirlwind         |       |       |       |    36 |    19 ||    55
         Wall Jump         |       |       |       |     3 |     2 ||     5
  Evoke: Wand              |       |       |       |     6 |       ||     6
    Use: Scroll            |       |     5 |     1 |     7 |       ||    13
         Potion            |       |       |       |     1 |     1 ||     2
   Stab: Sleeping          |     8 |    16 |    40 |    31 |       ||    95
         Distracted        |       |       |     1 |     2 |     1 ||     4
 Armour: Robe              |     3 |    17 |       |    22 |     3 ||    45
         Ring mail         |       |     1 |    16 |       |       ||    17
         Leather armour    |       |       |     7 |       |       ||     7
         Steam dragon scal |       |       |     2 |    11 |       ||    13
  Dodge: Dodged            |     8 |    61 |    86 |   243 |    32 ||   430

Table legend: (Time is in decaauts)
 A = Elapsed time spent in this place.
 B = Non-inter-level travel time spent in this place.
 C = Inter-level travel time spent in this place.
 D = Time resting spent in this place.
 E = Time spent auto-exploring this place.
 F = Levels seen in this place.
 G = Mean time per level.
                   A        B        C        D        E       F      G
               +--------+--------+--------+--------+--------+-----+--------+
         Total |  10812 |   9158 |   1654 |    291 |   3695 |  18 |  600.7 |
       Dungeon |   9471 |   7874 |   1597 |     31 |   3695 |  12 |  789.2 |
        Temple |    227 |    208 |     19 |    100 |      0 |   1 |  227.0 |
          Lair |    993 |    956 |     37 |    145 |      0 |   4 |  248.2 |
         Sewer |    120 |    120 |      0 |     15 |      0 |   1 |  120.0 |
               +--------+--------+--------+--------+--------+-----+--------+

Top non-repeatable levels by time:
     D:9: 1248 daAuts
     D:7: 1142 daAuts
     D:5: 991 daAuts
     D:3: 976 daAuts
     D:4: 913 daAuts
    D:10: 829 daAuts
     D:6: 768 daAuts
     D:8: 747 daAuts
     D:2: 676 daAuts
    D:11: 495 daAuts
     D:1: 478 daAuts
  Lair:3: 449 daAuts
  Lair:5: 266 daAuts
  Lair:1: 264 daAuts
  Temple: 227 daAuts
